[ AOE2 MATCH · #479694585 ]
Team RMBurgundians vs Franks
[ REPLAY ANALYSIS · EXTRACTED FROM THE RECORDED GAME ]
Feudal
17:33
Castle
24:23
Imperial
51:16
| APM avg | 25.8 |
| APM peak | 82 |
| eAPM avg | 17.2 |
| Villagers / military | 122 / 551 |
Focus
⚔️ 51.0% · 🌾 49.0%
Knight ×416 · Coustillier ×130 · Scout Cavalry ×3 · Monk ×2
Feudal
15:50
Castle
20:57
Imperial
38:47
| APM avg | 36.5 |
| APM peak | 82 |
| eAPM avg | 21.3 |
| Villagers / military | 226 / 760 |
Focus
⚔️ 59.2% · 🌾 40.8%
Skirmisher ×266 · Spearman ×226 · Mangudai ×123 · Cavalry Archer ×114 · Mangonel ×31 · Trade Cart ×2
Feudal
14:29
Castle
26:07
Imperial
44:24
| APM avg | 24.3 |
| APM peak | 83 |
| eAPM avg | 20.4 |
| Villagers / military | 145 / 1544 |
Focus
⚔️ 64.1% · 🌾 35.9%
Militia ×597 · Spearman ×506 · Woad Raider ×427 · Trade Cart ×31 · Battering Ram ×10 · Trebuchet (Packed) ×4
Feudal
15:13
Castle
22:16
Imperial
43:12
| APM avg | 15.2 |
| APM peak | 64 |
| eAPM avg | 12.1 |
| Villagers / military | 158 / 420 |
Focus
⚔️ 45.9% · 🌾 54.1%
Spearman ×181 · Knight ×164 · Throwing Axeman ×49 · Trade Cart ×33 · Mangonel ×21 · Scout Cavalry ×3
Feudal
17:20
Castle
24:54
Imperial
36:56
| APM avg | 9.5 |
| APM peak | 27 |
| eAPM avg | 7.0 |
| Villagers / military | 98 / 550 |
Focus
⚔️ 45.9% · 🌾 54.1%
Scorpion ×374 · Scout Cavalry ×137 · Knight ×32 · Trade Cart ×10 · Trebuchet (Packed) ×7
Feudal
15:06
Castle
24:12
Imperial
35:44
| APM avg | 17.4 |
| APM peak | 46 |
| eAPM avg | 13.3 |
| Villagers / military | 154 / 453 |
Focus
⚔️ 52.2% · 🌾 47.8%
Samurai ×339 · Mangonel ×61 · Spearman ×47 · Trade Cart ×19 · Trebuchet (Packed) ×6
Feudal
15:40
Castle
22:05
Imperial
35:50
| APM avg | 18.6 |
| APM peak | 71 |
| eAPM avg | 13.2 |
| Villagers / military | 133 / 353 |
Focus
⚔️ 40.7% · 🌾 59.3%
Konnik ×302 · Spearman ×44 · Trade Cart ×40 · Trebuchet (Packed) ×6 · Monk ×1
Feudal
14:38
Castle
25:30
Imperial
48:58
| APM avg | 15.0 |
| APM peak | 41 |
| eAPM avg | 10.0 |
| Villagers / military | 118 / 325 |
Focus
⚔️ 46.6% · 🌾 53.4%
Battle Elephant ×195 · Scorpion ×64 · Ballista Elephant ×34 · Trade Cart ×27 · Fishing Ship ×14 · Knight ×10
Match map
Resources at game start + every placement click. Thick line = wall · dashed box = detected house wall. 🟡 gold · ⚪ stone · 🟢 berries · 🔶 boar · ⭕ relic
Inputs per minute
— Wollof_08 / German Mum - - Vikings
Build order — Wollof_08 / German Mum
First 150 of 852 actions detected
| 1:06 | Build | Town Center |
| 3:08 | Research | Wheelbarrow |
| 3:09 | Create | Villager (Male) |
| 3:09 | Create | Villager (Male) |
| 3:30 | Build | House |
| 3:32 | Build | House |
| 3:36 | Build | House |
| 3:38 | Build | House |
| 3:50 | Create | Villager (Male) |
| 5:03 | Create | Villager (Male) |
| 5:03 | Create | Villager (Male) |
| 5:27 | Create | Villager (Male) |
| 5:56 | Create | Villager (Male) |
| 5:57 | Create | Villager (Male) |
| 6:20 | Create | Villager (Male) |
| 6:20 | Create | Villager (Male) |
| 6:45 | Create | Villager (Male) |
| 6:45 | Create | Villager (Male) |
| 6:56 | Research | Loom |
| 7:26 | Create | Villager (Male) |
| 7:27 | Create | Villager (Male) |
| 7:30 | Create | Villager (Male) |
| 7:31 | Create | Villager (Male) |
| 8:11 | Create | Villager (Male) |
| 8:38 | Create | Villager (Male) |
| 9:04 | Create | Villager (Male) |
| 9:04 | Create | Villager (Male) |
| 9:04 | Create | Villager (Male) |
| 9:41 | Create | Villager (Male) |
| 9:41 | Create | Villager (Male) |
| 9:43 | Create | Villager (Male) |
| 10:22 | Create | Villager (Male) |
| 10:22 | Create | Villager (Male) |
| 10:38 | Build | Lumber Camp |
| 10:47 | Create | Villager (Male) |
| 11:05 | Create | Villager (Male) |
| 11:23 | Create | Villager (Male) |
| 12:07 | Create | Villager (Male) |
| 12:27 | Create | Villager (Male) |
| 12:56 | Build | House |
| 12:57 | Build | House |
| 13:54 | Create | Villager (Male) |
| 14:09 | Create | Villager (Male) |
| 14:34 | Build | Mill |
| 14:58 | Create | Villager (Male) |
| 15:19 | Research | Feudal Age |
| 15:37 | Build | Barracks |
| 16:35 | Create | Villager (Male) |
| 16:35 | Create | Villager (Male) |
| 16:36 | Create | Villager (Male) |
| 16:48 | Build | House |
| 16:50 | Build | House |
| 16:52 | Build | House |
| 16:54 | Build | House |
| 17:01 | Create | Villager (Male) |
| 17:01 | Create | Villager (Male) |
| 17:33 | Age | Feudal Age |
| 17:56 | Create | Villager (Male) |
| 18:29 | Create | Villager (Male) |
| 18:33 | Build | Stable |
| 18:45 | Build | Market |
| 18:48 | Build | Blacksmith |
| 18:53 | Create | Villager (Male) |
| 19:15 | Create | Villager (Male) |
| 19:52 | Create | Villager (Male) |
| 20:17 | Research | Double-Bit Axe |
| 20:31 | Build | Stable |
| 20:46 | Create | Villager (Male) |
| 20:55 | Create | Villager (Male) |
| 21:07 | Build | Mining Camp |
| 21:25 | Research | Castle Age |
| 21:33 | Build | House |
| 21:52 | Research | Gold Mining |
| 21:53 | Research | Stone Mining |
| 22:10 | Build | Stable |
| 22:24 | Research | Bow Saw |
| 22:32 | Create | Villager (Male) |
| 22:32 | Create | Villager (Male) |
| 23:10 | Build | Mill |
| 23:28 | Research | Stone Shaft Mining |
| 23:36 | Create | Villager (Male) |
| 23:37 | Create | Villager (Male) |
| 24:23 | Age | Castle Age |
| 24:31 | Build | Town Center |
| 24:45 | Build | Monastery |
| 24:48 | Research | Scale Barding Armor |
| 24:49 | Research | Forging |
| 24:52 | Create | Villager (Male) |
| 24:52 | Create | Villager (Male) |
| 24:53 | Create | Villager (Male) |
| 25:16 | Create | Villager (Male) |
| 25:16 | Create | Villager (Male) |
| 25:41 | Create | Monk |
| 25:49 | Create | Villager (Male) |
| 25:58 | Research | Fervor |
| 25:59 | Create | Monk |
| 26:31 | Research | Hand Cart |
| 26:33 | Research | Town Watch |
| 26:37 | Create | Villager (Male) |
| 26:37 | Create | Villager (Male) |
| 26:40 | Create | Villager (Male) |
| 27:16 | Create | Villager (Male) |
| 27:17 | Create | Villager (Male) |
| 27:19 | Create | Villager (Male) |
| 27:19 | Create | Villager (Male) |
| 27:20 | Create | Villager (Male) |
| 27:27 | Create | Knight |
| 27:27 | Create | Knight |
| 27:28 | Create | Knight |
| 28:05 | Build | Town Center |
| 28:13 | Create | Villager (Male) |
| 28:45 | Create | Knight |
| 28:45 | Create | Knight |
| 28:45 | Create | Knight |
| 28:45 | Create | Knight |
| 28:46 | Research | Husbandry |
| 28:48 | Research | Cavalier (upgrade) |
| 28:49 | Create | Knight |
| 28:49 | Create | Knight |
| 28:49 | Create | Knight |
| 29:13 | Create | Knight |
| 29:14 | Create | Knight |
| 29:14 | Create | Knight |
| 29:34 | Create | Villager (Male) |
| 29:34 | Create | Villager (Male) |
| 30:30 | Create | Villager (Male) |
| 30:30 | Create | Villager (Male) |
| 30:30 | Create | Villager (Male) |
| 31:58 | Create | Knight |
| 31:58 | Create | Knight |
| 31:59 | Create | Knight |
| 31:59 | Create | Knight |
| 31:59 | Create | Knight |
| 32:27 | Create | Villager (Male) |
| 32:27 | Create | Villager (Male) |
| 32:27 | Create | Villager (Male) |
| 32:36 | Create | Knight |
| 32:37 | Create | Knight |
| 32:37 | Create | Knight |
| 32:40 | Create | Villager (Male) |
| 32:40 | Create | Villager (Male) |
| 32:54 | Build | Mill |
| 33:02 | Create | Knight |
| 33:02 | Create | Knight |
| 33:22 | Build | Mill |
| 33:48 | Create | Villager (Male) |
| 33:48 | Create | Villager (Male) |
| 33:48 | Create | Villager (Male) |
| 33:48 | Create | Villager (Male) |
| 34:12 | Build | Castle |
Build order — Vikings
First 150 of 1240 actions detected
| 1:13 | Build | Town Center |
| 3:33 | Build | House |
| 3:47 | Create | Villager (Male) |
| 3:47 | Create | Villager (Male) |
| 3:47 | Create | Villager (Male) |
| 3:47 | Create | Villager (Male) |
| 3:48 | Create | Villager (Male) |
| 3:48 | Create | Villager (Male) |
| 4:11 | Build | House |
| 4:38 | Build | House |
| 4:45 | Build | House |
| 5:39 | Create | Villager (Male) |
| 5:53 | Create | Villager (Male) |
| 5:53 | Create | Villager (Male) |
| 6:21 | Create | Villager (Male) |
| 6:21 | Create | Villager (Male) |
| 6:50 | Create | Villager (Male) |
| 6:50 | Create | Villager (Male) |
| 7:15 | Create | Villager (Male) |
| 7:15 | Create | Villager (Male) |
| 8:48 | Create | Villager (Male) |
| 8:48 | Create | Villager (Male) |
| 8:49 | Create | Villager (Male) |
| 8:49 | Create | Villager (Male) |
| 9:23 | Create | Villager (Male) |
| 9:23 | Create | Villager (Male) |
| 9:23 | Create | Villager (Male) |
| 9:29 | Create | Villager (Male) |
| 9:30 | Create | Villager (Male) |
| 9:30 | Create | Villager (Male) |
| 10:01 | Create | Villager (Male) |
| 10:01 | Create | Villager (Male) |
| 10:45 | Build | Mill |
| 10:58 | Create | Villager (Male) |
| 10:58 | Create | Villager (Male) |
| 10:59 | Create | Villager (Male) |
| 10:59 | Create | Villager (Male) |
| 10:59 | Create | Villager (Male) |
| 12:11 | Build | Mining Camp |
| 13:40 | Research | Feudal Age |
| 14:27 | Build | House |
| 15:26 | Create | Villager (Male) |
| 15:27 | Create | Villager (Male) |
| 15:50 | Age | Feudal Age |
| 15:51 | Build | Mill |
| 16:14 | Build | Blacksmith |
| 16:21 | Build | Market |
| 16:45 | Create | Villager (Male) |
| 18:17 | Research | Castle Age |
| 19:49 | Build | House |
| 20:10 | Build | Barracks |
| 20:32 | Create | Villager (Male) |
| 20:32 | Create | Villager (Male) |
| 20:44 | Research | Fletching |
| 20:57 | Age | Castle Age |
| 21:28 | Build | Town Center |
| 21:32 | Create | Villager (Male) |
| 22:03 | Create | Villager (Male) |
| 22:32 | Create | Villager (Male) |
| 22:33 | Create | Villager (Male) |
| 22:46 | Create | Villager (Male) |
| 22:46 | Create | Villager (Male) |
| 23:13 | Build | Archery Range |
| 23:54 | Create | Villager (Male) |
| 23:54 | Create | Villager (Male) |
| 23:54 | Create | Villager (Male) |
| 23:54 | Create | Villager (Male) |
| 23:57 | Create | Villager (Male) |
| 23:57 | Create | Villager (Male) |
| 24:02 | Build | Lumber Camp |
| 24:30 | Build | House |
| 24:32 | Build | House |
| 24:59 | Build | Town Center |
| 25:06 | Research | Horse Collar |
| 25:10 | Research | Double-Bit Axe |
| 25:11 | Create | Villager (Male) |
| 25:12 | Create | Villager (Male) |
| 25:12 | Create | Villager (Male) |
| 25:12 | Create | Villager (Male) |
| 25:18 | Create | Cavalry Archer |
| 25:19 | Create | Cavalry Archer |
| 25:19 | Create | Cavalry Archer |
| 25:19 | Create | Cavalry Archer |
| 25:31 | Create | Villager (Male) |
| 25:32 | Create | Villager (Male) |
| 25:32 | Create | Villager (Male) |
| 25:38 | Create | Villager (Male) |
| 25:38 | Create | Villager (Male) |
| 25:55 | Build | Mill |
| 26:05 | Build | House |
| 26:08 | Build | House |
| 26:09 | Build | House |
| 26:13 | Create | Villager (Male) |
| 26:13 | Create | Villager (Male) |
| 26:14 | Create | Villager (Male) |
| 26:32 | Build | Archery Range |
| 26:41 | Create | Cavalry Archer |
| 26:51 | Create | Villager (Male) |
| 26:51 | Create | Villager (Male) |
| 26:51 | Create | Villager (Male) |
| 27:31 | Create | Villager (Male) |
| 27:32 | Create | Villager (Male) |
| 27:52 | Create | Cavalry Archer |
| 27:52 | Create | Cavalry Archer |
| 27:53 | Create | Cavalry Archer |
| 27:53 | Create | Cavalry Archer |
| 27:53 | Create | Cavalry Archer |
| 28:06 | Build | Farm |
| 28:23 | Build | House |
| 28:24 | Build | House |
| 28:26 | Build | House |
| 28:30 | Create | Villager (Male) |
| 28:30 | Create | Villager (Male) |
| 28:31 | Create | Villager (Male) |
| 28:31 | Create | Villager (Male) |
| 28:31 | Create | Villager (Male) |
| 28:31 | Create | Villager (Male) |
| 28:35 | Create | Cavalry Archer |
| 28:35 | Create | Cavalry Archer |
| 28:42 | Create | Villager (Male) |
| 28:42 | Create | Villager (Male) |
| 29:04 | Build | Farm |
| 29:05 | Build | Farm |
| 29:08 | Build | Farm |
| 29:10 | Create | Villager (Male) |
| 29:11 | Create | Villager (Male) |
| 29:11 | Create | Villager (Male) |
| 29:11 | Create | Villager (Male) |
| 29:11 | Create | Villager (Male) |
| 29:22 | Create | Villager (Male) |
| 29:22 | Create | Villager (Male) |
| 29:22 | Create | Villager (Male) |
| 29:25 | Create | Cavalry Archer |
| 29:26 | Create | Cavalry Archer |
| 29:33 | Build | Farm |
| 29:40 | Build | House |
| 29:42 | Build | House |
| 29:53 | Build | Farm |
| 29:54 | Build | Farm |
| 29:59 | Create | Villager (Male) |
| 29:59 | Create | Villager (Male) |
| 30:13 | Create | Cavalry Archer |
| 30:14 | Create | Cavalry Archer |
| 30:14 | Create | Cavalry Archer |
| 30:21 | Build | Farm |
| 30:23 | Create | Villager (Male) |
| 30:23 | Create | Villager (Male) |
| 30:23 | Create | Villager (Male) |
| 30:24 | Create | Villager (Male) |
| 30:24 | Create | Villager (Male) |
Build order — Marina Orsini
First 150 of 771 actions detected
| 1:35 | Build | Town Center |
| 1:57 | Build | Mill |
| 3:41 | Create | Villager (Male) |
| 3:41 | Create | Villager (Male) |
| 3:41 | Create | Villager (Male) |
| 3:42 | Create | Villager (Male) |
| 3:42 | Create | Villager (Male) |
| 4:13 | Build | House |
| 4:14 | Build | House |
| 4:19 | Create | Villager (Male) |
| 4:19 | Create | Villager (Male) |
| 5:44 | Create | Villager (Male) |
| 6:02 | Create | Villager (Male) |
| 6:56 | Create | Villager (Male) |
| 6:56 | Create | Villager (Male) |
| 7:12 | Build | Mill |
| 7:41 | Create | Villager (Male) |
| 8:21 | Build | House |
| 8:39 | Create | Villager (Male) |
| 8:40 | Create | Villager (Male) |
| 9:02 | Create | Villager (Male) |
| 9:02 | Create | Villager (Male) |
| 9:31 | Create | Villager (Male) |
| 10:03 | Create | Villager (Male) |
| 10:03 | Create | Villager (Male) |
| 10:19 | Build | Lumber Camp |
| 10:57 | Build | House |
| 11:40 | Create | Villager (Male) |
| 12:19 | Research | Feudal Age |
| 12:49 | Create | Villager (Male) |
| 12:59 | Build | Barracks |
| 13:34 | Build | Mining Camp |
| 13:55 | Build | House |
| 13:56 | Build | House |
| 13:58 | Build | House |
| 14:29 | Age | Feudal Age |
| 14:35 | Create | Villager (Male) |
| 15:10 | Build | House |
| 15:27 | Build | Lumber Camp |
| 15:47 | Research | Double-Bit Axe |
| 16:06 | Build | Stone Wall |
| 16:29 | Build | Stone Wall |
| 16:36 | Research | Wheelbarrow |
| 16:39 | Create | Villager (Male) |
| 16:52 | Research | Stone Mining |
| 16:56 | Research | Gold Mining |
| 17:06 | Create | Villager (Male) |
| 17:14 | Build | Farm |
| 17:15 | Build | Farm |
| 17:27 | Research | Horse Collar |
| 17:39 | Build | Market |
| 18:12 | Build | Stone Wall |
| 18:41 | Build | Blacksmith |
| 18:45 | Create | Villager (Male) |
| 19:20 | Build | Farm |
| 19:20 | Build | Farm |
| 19:21 | Build | Farm |
| 19:39 | Create | Villager (Male) |
| 19:39 | Create | Villager (Male) |
| 19:40 | Create | Villager (Male) |
| 20:39 | Build | Lumber Camp |
| 20:55 | Create | Villager (Male) |
| 20:56 | Create | Villager (Male) |
| 21:33 | Build | Stone Wall |
| 21:35 | Build | Stone Wall |
| 21:45 | Build | Stone Wall |
| 22:01 | Build | Building 487 |
| 22:08 | Build | Farm |
| 22:08 | Build | Farm |
| 22:12 | Create | Villager (Male) |
| 22:12 | Create | Villager (Male) |
| 22:12 | Create | Villager (Male) |
| 23:07 | Research | Castle Age |
| 23:51 | Create | Villager (Male) |
| 23:51 | Create | Villager (Male) |
| 26:07 | Age | Castle Age |
| 26:12 | Build | Town Center |
| 26:18 | Create | Villager (Male) |
| 26:19 | Create | Villager (Male) |
| 26:40 | Build | Town Center |
| 27:12 | Build | Town Center |
| 27:32 | Research | Stone Shaft Mining |
| 27:34 | Create | Villager (Male) |
| 27:44 | Create | Villager (Male) |
| 27:45 | Create | Villager (Male) |
| 28:08 | Research | Bow Saw |
| 28:11 | Create | Villager (Male) |
| 28:11 | Create | Villager (Male) |
| 28:11 | Create | Villager (Male) |
| 28:27 | Build | Stone Wall |
| 28:35 | Create | Villager (Male) |
| 28:35 | Create | Villager (Male) |
| 28:36 | Create | Villager (Male) |
| 28:42 | Create | Villager (Male) |
| 28:42 | Create | Villager (Male) |
| 28:42 | Create | Villager (Male) |
| 28:43 | Create | Villager (Male) |
| 28:57 | Create | Villager (Male) |
| 28:57 | Create | Villager (Male) |
| 28:57 | Create | Villager (Male) |
| 29:04 | Build | Farm |
| 29:11 | Build | Farm |
| 29:17 | Create | Villager (Male) |
| 29:17 | Create | Villager (Male) |
| 29:17 | Create | Villager (Male) |
| 29:22 | Build | Farm |
| 29:24 | Build | Farm |
| 29:28 | Build | Farm |
| 29:33 | Build | Farm |
| 29:35 | Build | Farm |
| 29:39 | Build | Farm |
| 29:42 | Create | Villager (Male) |
| 29:42 | Create | Villager (Male) |
| 29:49 | Build | Farm |
| 29:59 | Build | Farm |
| 30:02 | Create | Villager (Male) |
| 30:03 | Create | Villager (Male) |
| 30:03 | Create | Villager (Male) |
| 30:17 | Build | Lumber Camp |
| 30:25 | Build | Farm |
| 30:28 | Build | Farm |
| 30:35 | Research | Gold Shaft Mining |
| 30:48 | Research | Heavy Plow |
| 30:51 | Create | Villager (Male) |
| 30:51 | Create | Villager (Male) |
| 30:51 | Create | Villager (Male) |
| 30:51 | Create | Villager (Male) |
| 30:52 | Create | Villager (Male) |
| 30:52 | Create | Villager (Male) |
| 30:58 | Create | Villager (Male) |
| 30:59 | Create | Villager (Male) |
| 30:59 | Create | Villager (Male) |
| 30:59 | Create | Villager (Male) |
| 31:13 | Build | Lumber Camp |
| 31:25 | Create | Villager (Male) |
| 31:25 | Create | Villager (Male) |
| 31:25 | Create | Villager (Male) |
| 31:25 | Create | Villager (Male) |
| 31:26 | Create | Villager (Male) |
| 31:36 | Build | Farm |
| 31:37 | Build | Farm |
| 31:51 | Build | Farm |
| 32:03 | Build | Castle |
| 32:10 | Create | Villager (Male) |
| 32:10 | Create | Villager (Male) |
| 32:11 | Create | Villager (Male) |
| 32:11 | Create | Villager (Male) |
| 32:11 | Create | Villager (Male) |
| 32:11 | Create | Villager (Male) |
| 32:12 | Create | Villager (Male) |
Build order — essa198427
First 150 of 820 actions detected
| 0:50 | Build | Town Center |
| 3:26 | Create | Villager (Male) |
| 3:26 | Create | Villager (Male) |
| 3:26 | Create | Villager (Male) |
| 3:26 | Create | Villager (Male) |
| 3:26 | Create | Villager (Male) |
| 4:30 | Build | House |
| 4:32 | Build | House |
| 5:38 | Create | Villager (Male) |
| 5:38 | Create | Villager (Male) |
| 6:03 | Create | Villager (Male) |
| 6:29 | Create | Villager (Male) |
| 6:30 | Create | Villager (Male) |
| 6:55 | Create | Villager (Male) |
| 7:09 | Create | Villager (Male) |
| 8:14 | Build | House |
| 8:22 | Build | House |
| 9:35 | Create | Villager (Male) |
| 9:35 | Create | Villager (Male) |
| 9:35 | Create | Villager (Male) |
| 9:43 | Create | Villager (Male) |
| 9:43 | Create | Villager (Male) |
| 10:34 | Create | Villager (Male) |
| 10:34 | Create | Villager (Male) |
| 12:04 | Build | Lumber Camp |
| 12:25 | Build | Mill |
| 12:49 | Build | Mining Camp |
| 13:03 | Research | Feudal Age |
| 14:04 | Build | Mill |
| 14:33 | Build | Mining Camp |
| 15:13 | Age | Feudal Age |
| 15:24 | Build | Barracks |
| 15:41 | Create | Villager (Male) |
| 15:41 | Create | Villager (Male) |
| 15:41 | Create | Villager (Male) |
| 16:52 | Build | House |
| 16:54 | Build | House |
| 16:55 | Build | House |
| 17:08 | Build | Stable |
| 17:53 | Create | Scout Cavalry |
| 17:56 | Create | Scout Cavalry |
| 18:30 | Build | Blacksmith |
| 19:27 | Build | Market |
| 19:36 | Research | Castle Age |
| 20:25 | Build | Mill |
| 21:03 | Research | Loom |
| 21:12 | Create | Villager (Male) |
| 21:12 | Create | Villager (Male) |
| 21:12 | Create | Villager (Male) |
| 21:13 | Create | Villager (Male) |
| 21:48 | Create | Spearman |
| 21:49 | Create | Spearman |
| 22:16 | Age | Castle Age |
| 22:24 | Research | Husbandry |
| 22:25 | Create | Knight |
| 22:25 | Create | Knight |
| 22:26 | Create | Knight |
| 23:30 | Build | Town Center |
| 24:24 | Create | Villager (Male) |
| 24:25 | Create | Villager (Male) |
| 24:25 | Create | Villager (Male) |
| 24:25 | Create | Villager (Male) |
| 24:26 | Create | Villager (Male) |
| 24:26 | Create | Villager (Male) |
| 24:26 | Create | Villager (Male) |
| 24:27 | Create | Villager (Male) |
| 24:52 | Create | Villager (Male) |
| 25:29 | Create | Villager (Male) |
| 25:30 | Create | Villager (Male) |
| 25:30 | Create | Villager (Male) |
| 25:30 | Create | Villager (Male) |
| 25:39 | Build | Lumber Camp |
| 26:13 | Build | Farm |
| 26:22 | Build | Farm |
| 26:45 | Build | Farm |
| 26:58 | Build | Farm |
| 27:06 | Build | Farm |
| 27:17 | Create | Villager (Male) |
| 27:17 | Create | Villager (Male) |
| 27:18 | Create | Villager (Male) |
| 27:18 | Create | Villager (Male) |
| 27:18 | Create | Villager (Male) |
| 27:56 | Build | House |
| 27:58 | Build | House |
| 28:00 | Build | House |
| 28:02 | Build | House |
| 28:04 | Build | House |
| 28:07 | Build | House |
| 28:09 | Build | House |
| 28:31 | Create | Villager (Male) |
| 28:31 | Create | Villager (Male) |
| 28:31 | Create | Villager (Male) |
| 28:31 | Create | Villager (Male) |
| 29:02 | Create | Knight |
| 29:02 | Create | Knight |
| 29:03 | Create | Knight |
| 29:41 | Research | Double-Bit Axe |
| 30:01 | Build | Farm |
| 30:32 | Create | Villager (Male) |
| 30:32 | Create | Villager (Male) |
| 30:32 | Create | Villager (Male) |
| 30:32 | Create | Villager (Male) |
| 30:48 | Build | Town Center |
| 31:01 | Research | Gold Mining |
| 31:18 | Create | Spearman |
| 31:18 | Create | Spearman |
| 31:31 | Build | Farm |
| 31:43 | Create | Villager (Male) |
| 31:44 | Create | Villager (Male) |
| 31:44 | Create | Villager (Male) |
| 32:16 | Create | Villager (Male) |
| 32:17 | Create | Villager (Male) |
| 32:17 | Create | Villager (Male) |
| 32:17 | Create | Villager (Male) |
| 32:45 | Build | Farm |
| 32:46 | Build | Farm |
| 32:48 | Build | Farm |
| 32:52 | Build | Farm |
| 32:53 | Build | Farm |
| 32:55 | Build | Farm |
| 32:57 | Build | Farm |
| 32:59 | Build | Farm |
| 33:06 | Create | Villager (Male) |
| 33:06 | Create | Villager (Male) |
| 33:06 | Create | Villager (Male) |
| 33:06 | Create | Villager (Male) |
| 33:12 | Create | Villager (Male) |
| 33:13 | Create | Villager (Male) |
| 33:17 | Create | Villager (Male) |
| 33:17 | Create | Villager (Male) |
| 33:48 | Build | Mining Camp |
| 33:58 | Build | Farm |
| 34:00 | Build | Farm |
| 34:09 | Build | Farm |
| 34:11 | Build | Farm |
| 34:12 | Build | Farm |
| 34:15 | Build | Farm |
| 34:16 | Build | Farm |
| 34:20 | Build | Farm |
| 34:28 | Create | Villager (Male) |
| 34:28 | Create | Villager (Male) |
| 34:28 | Create | Villager (Male) |
| 34:28 | Create | Villager (Male) |
| 34:29 | Create | Villager (Male) |
| 34:29 | Create | Villager (Male) |
| 34:29 | Create | Villager (Male) |
| 34:41 | Create | Villager (Male) |
| 34:58 | Build | Mill |
| 35:21 | Build | Monastery |
| 35:43 | Build | Lumber Camp |
Build order — acilr
First 150 of 350 actions detected
| 0:23 | Build | House |
| 0:30 | Build | House |
| 1:14 | Build | Town Center |
| 3:45 | Create | Villager (Male) ×4 |
| 3:45 | Create | Villager (Male) ×4 |
| 4:14 | Build | Mill |
| 4:46 | Build | House |
| 5:21 | Build | House |
| 5:36 | Create | Villager (Male) |
| 5:59 | Create | Villager (Male) |
| 5:59 | Create | Villager (Male) |
| 6:28 | Create | Villager (Male) |
| 6:28 | Create | Villager (Male) |
| 6:50 | Create | Villager (Male) |
| 7:21 | Create | Villager (Male) |
| 7:56 | Create | Villager (Male) |
| 8:07 | Build | Lumber Camp |
| 8:24 | Build | House |
| 8:33 | Create | Villager (Male) |
| 8:33 | Create | Villager (Male) |
| 8:34 | Create | Villager (Male) |
| 9:16 | Create | Villager (Male) ×2 |
| 10:11 | Create | Villager (Male) |
| 10:37 | Create | Villager (Male) ×3 |
| 10:38 | Create | Villager (Male) ×4 |
| 11:14 | Create | Villager (Male) |
| 11:55 | Create | Villager (Male) ×3 |
| 12:14 | Build | Farm |
| 12:15 | Build | Farm |
| 12:17 | Build | Farm |
| 12:19 | Build | Farm |
| 12:20 | Build | Farm |
| 13:55 | Build | Mining Camp |
| 14:08 | Build | Mining Camp |
| 14:45 | Create | Villager (Male) |
| 15:06 | Research | Feudal Age |
| 15:32 | Build | Barracks |
| 16:49 | Build | Farm |
| 17:00 | Build | Farm |
| 17:10 | Build | Farm |
| 17:20 | Age | Feudal Age |
| 17:26 | Build | Blacksmith |
| 17:32 | Create | Villager (Male) |
| 17:33 | Create | Villager (Male) |
| 17:40 | Research | Double-Bit Axe |
| 17:47 | Create | Villager (Male) |
| 18:03 | Build | Stable |
| 18:08 | Build | House |
| 18:09 | Build | House |
| 18:10 | Build | House |
| 18:11 | Build | House |
| 19:13 | Build | Farm |
| 19:16 | Build | Farm |
| 19:23 | Create | Villager (Male) |
| 19:28 | Research | Horse Collar |
| 19:50 | Create | Villager (Male) |
| 19:50 | Create | Villager (Male) |
| 20:04 | Build | Farm |
| 20:07 | Build | Farm |
| 20:09 | Build | Farm |
| 20:11 | Build | Farm |
| 20:13 | Build | Farm |
| 20:19 | Build | Mill |
| 20:27 | Create | Villager (Male) |
| 20:28 | Create | Villager (Male) |
| 20:28 | Create | Villager (Male) |
| 20:38 | Build | House |
| 20:40 | Build | House |
| 20:41 | Build | House |
| 20:42 | Build | House |
| 21:46 | Build | Farm |
| 22:14 | Research | Castle Age |
| 22:38 | Build | Market |
| 22:47 | Research | Stone Mining |
| 23:02 | Research | Gold Mining |
| 23:20 | Build | Farm |
| 23:22 | Build | Farm |
| 24:13 | Create | Villager (Male) ×5 |
| 24:54 | Age | Castle Age |
| 24:59 | Build | Town Center |
| 25:10 | Research | Heavy Plow |
| 26:13 | Research | Wheelbarrow |
| 26:40 | Build | Castle |
| 26:51 | Create | Villager (Male) ×5 |
| 27:00 | Create | Villager (Male) ×5 |
| 27:18 | Build | Town Center |
| 27:29 | Research | Gold Shaft Mining |
| 27:38 | Create | Villager (Male) ×5 |
| 27:44 | Build | Farm |
| 28:05 | Research | Bow Saw |
| 28:32 | Build | Mining Camp |
| 28:49 | Research | Caravan |
| 28:50 | Create | Trade Cart |
| 30:02 | Create | Villager (Male) |
| 30:14 | Research | Hand Cart |
| 30:20 | Create | Villager (Male) ×5 |
| 30:21 | Create | Villager (Male) ×2 |
| 30:40 | Build | Farm |
| 30:43 | Build | Farm |
| 30:45 | Build | Farm |
| 30:47 | Build | Farm |
| 30:49 | Build | Farm |
| 30:50 | Build | Farm |
| 30:52 | Build | Farm |
| 31:26 | Build | Monastery |
| 31:44 | Build | University |
| 31:49 | Build | House |
| 31:51 | Build | House |
| 31:52 | Build | House |
| 31:53 | Build | House |
| 31:55 | Build | House |
| 32:04 | Create | Villager (Male) |
| 32:05 | Create | Villager (Male) |
| 32:05 | Create | Villager (Male) |
| 32:23 | Build | Town Center |
| 32:26 | Create | Villager (Male) |
| 32:27 | Create | Villager (Male) |
| 33:06 | Build | Lumber Camp |
| 33:23 | Build | Farm |
| 33:26 | Build | Farm |
| 33:27 | Build | Farm |
| 33:29 | Build | Farm |
| 33:32 | Build | Farm |
| 33:38 | Create | Villager (Male) ×5 |
| 33:41 | Build | Farm |
| 33:46 | Research | Imperial Age |
| 34:03 | Build | Siege Workshop |
| 34:09 | Build | Siege Workshop |
| 34:10 | Build | Siege Workshop |
| 34:13 | Build | Siege Workshop |
| 34:14 | Build | Siege Workshop |
| 34:15 | Build | Siege Workshop |
| 34:20 | Research | Ballistas |
| 34:30 | Create | Villager (Male) ×5 |
| 34:46 | Research | Padded Archer Armor |
| 34:47 | Research | Fletching |
| 34:49 | Research | Scale Mail Armor |
| 34:54 | Research | Ballistics |
| 35:08 | Build | Farm |
| 35:16 | Create | Scorpion ×5 |
| 35:36 | Build | House |
| 35:37 | Build | House |
| 35:38 | Build | House |
| 35:39 | Build | House |
| 35:40 | Build | House |
| 35:44 | Build | House |
| 35:45 | Build | House |
| 35:46 | Build | House |
| 35:47 | Build | House |
| 35:48 | Build | House |
Build order — Hamzah_IronX
First 150 of 815 actions detected
| 0:22 | Build | Town Center |
| 1:05 | Build | House |
| 2:25 | Build | House |
| 2:27 | Build | House |
| 2:30 | Build | House |
| 3:05 | Create | Villager (Male) |
| 3:05 | Create | Villager (Male) |
| 3:05 | Create | Villager (Male) |
| 3:05 | Create | Villager (Male) |
| 3:06 | Create | Villager (Male) |
| 4:03 | Build | Lumber Camp |
| 4:27 | Create | Villager (Male) |
| 5:07 | Create | Villager (Male) |
| 5:08 | Create | Villager (Male) |
| 5:43 | Create | Villager (Male) |
| 5:43 | Create | Villager (Male) |
| 5:43 | Create | Villager (Male) |
| 5:44 | Create | Villager (Male) |
| 6:41 | Create | Villager (Male) |
| 6:41 | Create | Villager (Male) |
| 7:07 | Create | Villager (Male) |
| 7:07 | Create | Villager (Male) |
| 7:55 | Create | Villager (Male) |
| 7:55 | Create | Villager (Male) |
| 7:55 | Create | Villager (Male) |
| 8:07 | Create | Villager (Male) |
| 9:36 | Create | Villager (Male) |
| 9:36 | Create | Villager (Male) |
| 9:36 | Create | Villager (Male) |
| 9:37 | Create | Villager (Male) |
| 9:37 | Create | Villager (Male) |
| 9:46 | Build | Mill |
| 10:56 | Build | Mining Camp |
| 11:39 | Create | Villager (Male) |
| 11:40 | Create | Villager (Male) |
| 12:20 | Build | Mining Camp |
| 12:26 | Create | Villager (Male) |
| 12:37 | Research | Feudal Age |
| 13:19 | Build | House |
| 13:21 | Build | House |
| 13:22 | Build | House |
| 13:24 | Build | House |
| 14:05 | Create | Villager (Male) |
| 14:05 | Create | Villager (Male) |
| 14:05 | Create | Villager (Male) |
| 14:32 | Build | Mill |
| 15:06 | Age | Feudal Age |
| 15:09 | Create | Villager (Male) |
| 15:09 | Create | Villager (Male) |
| 15:25 | Build | Blacksmith |
| 15:35 | Create | Villager (Male) |
| 15:36 | Create | Villager (Male) |
| 16:31 | Create | Villager (Male) |
| 16:32 | Create | Villager (Male) |
| 16:32 | Create | Villager (Male) |
| 16:57 | Create | Villager (Male) |
| 16:57 | Create | Villager (Male) |
| 18:11 | Build | Mill |
| 18:57 | Build | Market |
| 19:12 | Research | Loom |
| 19:29 | Build | Barracks |
| 19:47 | Build | Mill |
| 20:17 | Create | Villager (Male) |
| 20:17 | Create | Villager (Male) |
| 20:38 | Create | Villager (Male) |
| 21:11 | Build | Barracks |
| 21:12 | Build | Barracks |
| 21:19 | Research | Castle Age |
| 22:19 | Build | House |
| 22:19 | Build | House |
| 22:20 | Build | House |
| 22:21 | Build | House |
| 22:21 | Build | House |
| 22:21 | Build | House |
| 22:22 | Build | House |
| 22:22 | Build | House |
| 22:23 | Build | House |
| 22:33 | Research | Double-Bit Axe |
| 22:36 | Research | Gold Mining |
| 22:42 | Research | Horse Collar |
| 22:46 | Research | Stone Mining |
| 23:22 | Build | Mining Camp |
| 24:03 | Create | Villager (Male) |
| 24:04 | Create | Villager (Male) |
| 24:04 | Create | Villager (Male) |
| 24:05 | Create | Villager (Male) |
| 24:06 | Create | Villager (Male) |
| 24:06 | Create | Villager (Male) |
| 24:06 | Create | Villager (Male) |
| 24:12 | Age | Castle Age |
| 24:22 | Build | Castle |
| 24:38 | Research | Heavy Plow |
| 24:50 | Build | Town Center |
| 24:55 | Create | Villager (Male) |
| 25:41 | Create | Villager (Male) |
| 25:41 | Create | Villager (Male) |
| 26:32 | Create | Villager (Male) |
| 26:32 | Create | Villager (Male) |
| 26:32 | Create | Villager (Male) |
| 26:32 | Create | Villager (Male) |
| 26:33 | Create | Villager (Male) |
| 26:33 | Create | Villager (Male) |
| 27:10 | Build | Stone Wall |
| 27:25 | Build | Building 490 |
| 27:33 | Build | Mining Camp |
| 27:52 | Create | Villager (Male) |
| 27:52 | Create | Villager (Male) |
| 27:53 | Create | Villager (Male) |
| 27:53 | Create | Villager (Male) |
| 27:56 | Build | Town Center |
| 28:04 | Create | Samurai |
| 28:04 | Create | Samurai |
| 28:04 | Create | Samurai |
| 28:05 | Create | Samurai |
| 28:05 | Create | Samurai |
| 28:05 | Create | Samurai |
| 28:05 | Create | Samurai |
| 28:06 | Create | Samurai |
| 28:06 | Create | Samurai |
| 28:06 | Create | Samurai |
| 28:06 | Create | Samurai |
| 29:03 | Build | Farm |
| 29:04 | Build | Farm |
| 29:04 | Build | Farm |
| 29:29 | Build | Mill |
| 29:50 | Create | Villager (Male) |
| 29:50 | Create | Villager (Male) |
| 29:50 | Create | Villager (Male) |
| 29:51 | Create | Villager (Male) |
| 29:51 | Create | Villager (Male) |
| 30:03 | Build | Farm |
| 30:04 | Build | Farm |
| 30:04 | Build | Farm |
| 30:05 | Build | Farm |
| 30:06 | Build | Farm |
| 30:08 | Create | Villager (Male) |
| 30:08 | Create | Villager (Male) |
| 30:08 | Create | Villager (Male) |
| 30:09 | Create | Villager (Male) |
| 30:09 | Create | Villager (Male) |
| 30:26 | Build | Stone Wall |
| 30:30 | Create | Samurai |
| 30:30 | Create | Samurai |
| 30:31 | Create | Samurai |
| 30:31 | Create | Samurai |
| 30:31 | Create | Samurai |
| 30:46 | Create | Villager (Male) |
| 30:47 | Create | Villager (Male) |
| 30:47 | Create | Villager (Male) |
| 30:54 | Create | Villager (Male) |
Build order — MR.ibraheem
First 150 of 670 actions detected
| 1:29 | Build | Town Center |
| 2:59 | Build | House |
| 3:00 | Build | House |
| 4:03 | Create | Villager (Male) |
| 4:04 | Create | Villager (Male) |
| 4:04 | Create | Villager (Male) |
| 4:04 | Create | Villager (Male) |
| 4:04 | Create | Villager (Male) |
| 4:05 | Create | Villager (Male) |
| 4:05 | Create | Villager (Male) |
| 4:05 | Create | Villager (Male) |
| 5:10 | Create | Villager (Male) |
| 5:11 | Create | Villager (Male) |
| 5:26 | Build | House |
| 5:36 | Build | House |
| 6:03 | Create | Villager (Male) |
| 6:48 | Create | Villager (Male) |
| 7:17 | Create | Villager (Male) |
| 7:17 | Create | Villager (Male) |
| 7:18 | Create | Villager (Male) |
| 7:40 | Build | Lumber Camp |
| 7:59 | Create | Villager (Male) |
| 7:59 | Create | Villager (Male) |
| 7:59 | Create | Villager (Male) |
| 8:00 | Create | Villager (Male) |
| 8:25 | Create | Villager (Male) |
| 8:26 | Create | Villager (Male) |
| 9:12 | Create | Villager (Male) |
| 9:12 | Create | Villager (Male) |
| 9:43 | Build | Mining Camp |
| 10:34 | Build | Mining Camp |
| 10:44 | Create | Villager (Male) |
| 10:45 | Create | Villager (Male) |
| 10:46 | Create | Villager (Male) |
| 11:38 | Build | Mill |
| 13:30 | Research | Feudal Age |
| 14:03 | Build | Mill |
| 14:38 | Build | House |
| 14:46 | Build | House |
| 14:48 | Build | House |
| 14:49 | Build | House |
| 15:40 | Age | Feudal Age |
| 15:44 | Create | Villager (Male) |
| 15:45 | Create | Villager (Male) |
| 15:45 | Create | Villager (Male) |
| 15:45 | Create | Villager (Male) |
| 15:46 | Create | Villager (Male) |
| 15:46 | Create | Villager (Male) |
| 15:46 | Create | Villager (Male) |
| 16:58 | Build | Blacksmith |
| 17:30 | Build | Lumber Camp |
| 18:04 | Build | Market |
| 19:06 | Build | Stone Wall |
| 19:20 | Build | Mill |
| 19:25 | Research | Castle Age |
| 19:51 | Build | Building 490 |
| 20:02 | Build | Stone Wall |
| 21:14 | Research | Loom |
| 21:42 | Build | Stone Wall |
| 21:49 | Build | Stone Wall |
| 22:05 | Age | Castle Age |
| 22:12 | Build | Town Center |
| 23:28 | Build | Stone Wall |
| 23:41 | Build | Castle |
| 23:53 | Create | Villager (Male) |
| 23:53 | Create | Villager (Male) |
| 23:59 | Create | Villager (Male) |
| 23:59 | Create | Villager (Male) |
| 23:59 | Create | Villager (Male) |
| 24:09 | Build | Building 490 |
| 24:19 | Build | Stone Wall |
| 24:28 | Create | Villager (Male) |
| 24:28 | Create | Villager (Male) |
| 24:29 | Create | Villager (Male) |
| 24:29 | Create | Villager (Male) |
| 24:29 | Create | Villager (Male) |
| 24:40 | Build | Town Center |
| 24:59 | Create | Villager (Male) |
| 25:00 | Create | Villager (Male) |
| 25:00 | Create | Villager (Male) |
| 25:00 | Create | Villager (Male) |
| 25:41 | Create | Villager (Male) |
| 25:41 | Create | Villager (Male) |
| 25:42 | Create | Villager (Male) |
| 25:42 | Create | Villager (Male) |
| 25:42 | Create | Villager (Male) |
| 25:43 | Create | Villager (Male) |
| 25:43 | Create | Villager (Male) |
| 25:58 | Build | Stone Wall |
| 26:16 | Build | Mining Camp |
| 26:30 | Create | Villager (Male) |
| 26:30 | Create | Villager (Male) |
| 26:31 | Create | Villager (Male) |
| 26:31 | Create | Villager (Male) |
| 26:31 | Create | Villager (Male) |
| 26:58 | Build | Stone Wall |
| 27:12 | Build | Lumber Camp |
| 27:57 | Build | Mill |
| 28:18 | Build | Stone Wall |
| 28:28 | Build | Building 665 |
| 28:48 | Create | Villager (Male) |
| 28:49 | Create | Villager (Male) |
| 28:49 | Create | Villager (Male) |
| 28:58 | Research | Horse Collar |
| 29:21 | Build | Mill |
| 29:32 | Build | Farm |
| 29:33 | Build | Farm |
| 29:33 | Build | Farm |
| 29:33 | Build | Farm |
| 29:33 | Build | Farm |
| 29:34 | Build | Farm |
| 29:34 | Build | Farm |
| 29:34 | Build | Farm |
| 29:34 | Build | Farm |
| 30:15 | Create | Villager (Male) |
| 30:15 | Create | Villager (Male) |
| 30:15 | Create | Villager (Male) |
| 30:16 | Create | Villager (Male) |
| 30:33 | Build | Mining Camp |
| 30:42 | Build | Barracks |
| 30:56 | Build | Stone Wall |
| 32:20 | Build | Stone Wall |
| 32:40 | Research | Imperial Age |
| 33:47 | Build | Monastery |
| 34:04 | Build | Mill |
| 34:28 | Create | Villager (Male) |
| 34:28 | Create | Villager (Male) |
| 34:29 | Create | Villager (Male) |
| 34:29 | Create | Villager (Male) |
| 34:30 | Create | Villager (Male) |
| 34:30 | Create | Villager (Male) |
| 34:30 | Create | Villager (Male) |
| 34:30 | Create | Villager (Male) |
| 34:30 | Create | Villager (Male) |
| 34:31 | Create | Villager (Male) |
| 34:57 | Build | University |
| 35:09 | Create | Monk |
| 35:32 | Build | Mining Camp |
| 35:50 | Age | Imperial Age |
| 35:53 | Create | Trebuchet (Packed) |
| 36:05 | Build | Krepost |
| 36:08 | Build | Krepost |
| 36:27 | Build | Krepost |
| 36:32 | Build | Krepost |
| 36:59 | Research | Elite Konnik (upgrade) |
| 37:26 | Build | Mining Camp |
| 37:41 | Research | Wheelbarrow |
| 37:42 | Create | Villager (Male) |
| 37:42 | Create | Villager (Male) |
| 37:42 | Create | Villager (Male) |
Build order — zheinimamp
First 150 of 504 actions detected
| 0:50 | Build | House |
| 1:39 | Build | Town Center |
| 2:26 | Build | Lumber Camp |
| 4:24 | Research | Loom |
| 4:25 | Create | Villager (Male) ×4 |
| 4:52 | Build | House |
| 4:55 | Build | House |
| 6:42 | Create | Villager (Male) ×2 |
| 6:42 | Create | Villager (Male) ×2 |
| 8:02 | Create | Villager (Male) ×3 |
| 8:03 | Create | Villager (Male) ×3 |
| 9:23 | Create | Villager (Male) ×4 |
| 10:27 | Create | Villager (Male) |
| 10:27 | Create | Villager (Male) |
| 10:48 | Build | House |
| 10:50 | Build | House |
| 12:28 | Research | Feudal Age |
| 13:05 | Build | Outpost |
| 13:52 | Build | Dock |
| 14:07 | Build | Dock |
| 14:38 | Age | Feudal Age |
| 15:23 | Build | Outpost |
| 15:37 | Research | Wheelbarrow |
| 15:39 | Research | Town Watch |
| 16:24 | Build | Mill |
| 17:03 | Create | Villager (Male) ×5 |
| 17:05 | Create | Villager (Male) ×5 |
| 17:15 | Create | Fishing Ship |
| 17:38 | Build | Lumber Camp |
| 18:05 | Create | Villager (Male) |
| 18:05 | Create | Villager (Male) |
| 18:20 | Create | Fishing Ship |
| 19:04 | Research | Double-Bit Axe |
| 19:23 | Research | Tech 906 |
| 19:31 | Create | Villager (Male) |
| 19:31 | Create | Villager (Male) |
| 21:01 | Build | Farm |
| 21:02 | Build | Farm |
| 21:02 | Build | Farm |
| 21:02 | Build | Farm |
| 21:02 | Build | Farm |
| 21:03 | Build | Farm |
| 21:03 | Build | Farm |
| 21:03 | Build | Farm |
| 21:31 | Build | House |
| 21:33 | Build | House |
| 22:23 | Build | Fish Trap |
| 22:28 | Create | Fishing Ship |
| 22:50 | Research | Castle Age |
| 22:50 | Research | Castle Age |
| 22:58 | Create | Fishing Ship |
| 22:58 | Create | Fishing Ship |
| 23:21 | Build | Mining Camp |
| 23:40 | Build | Market |
| 23:47 | Build | Blacksmith |
| 24:03 | Create | Fishing Ship |
| 24:10 | Build | Fish Trap |
| 24:25 | Build | Fish Trap |
| 24:38 | Build | House |
| 24:40 | Build | House |
| 24:43 | Build | House |
| 25:30 | Age | Castle Age |
| 25:33 | Build | Town Center |
| 26:08 | Research | Hand Cart |
| 26:46 | Build | Outpost |
| 26:53 | Build | Outpost |
| 27:06 | Create | Villager (Male) ×5 |
| 28:28 | Build | Town Center |
| 28:36 | Create | Villager (Male) ×5 |
| 28:36 | Create | Villager (Male) ×5 |
| 28:36 | Create | Villager (Male) ×5 |
| 28:36 | Create | Villager (Male) ×5 |
| 28:57 | Build | Town Center |
| 29:27 | Build | Outpost |
| 29:53 | Create | Villager (Male) |
| 29:54 | Create | Villager (Male) |
| 29:54 | Create | Villager (Male) |
| 30:27 | Build | Outpost |
| 30:39 | Build | Outpost |
| 31:38 | Create | Villager (Male) |
| 31:38 | Create | Villager (Male) |
| 31:38 | Create | Villager (Male) |
| 31:49 | Research | Town Patrol |
| 31:52 | Create | Villager (Male) |
| 31:53 | Create | Villager (Male) |
| 31:53 | Create | Villager (Male) |
| 31:54 | Create | Villager (Male) |
| 31:58 | Research | Town Patrol |
| 32:33 | Research | Bow Saw |
| 32:50 | Research | Gillnets |
| 33:08 | Create | Fishing Ship |
| 33:08 | Create | Fishing Ship |
| 33:16 | Build | Fish Trap |
| 33:18 | Build | Fish Trap |
| 33:58 | Build | Castle |
| 34:06 | Create | Villager (Male) |
| 34:06 | Create | Villager (Male) |
| 34:36 | Build | Stone Wall |
| 35:28 | Build | Stable |
| 35:30 | Build | Stable |
| 35:37 | Build | Siege Workshop |
| 35:40 | Build | Siege Workshop |
| 36:01 | Build | House |
| 36:02 | Build | House |
| 36:03 | Build | House |
| 36:04 | Build | House |
| 36:05 | Build | House |
| 36:07 | Build | House |
| 36:08 | Build | House |
| 36:09 | Build | House |
| 36:10 | Build | House |
| 36:12 | Build | House |
| 36:19 | Build | Fish Trap |
| 36:20 | Build | Fish Trap |
| 36:28 | Create | Fishing Ship |
| 36:28 | Create | Fishing Ship |
| 37:00 | Build | Dock |
| 37:10 | Create | Battle Elephant ×5 |
| 37:10 | Create | Battle Elephant ×5 |
| 37:24 | Create | Scorpion |
| 37:25 | Create | Scorpion |
| 38:10 | Build | Lumber Camp |
| 39:01 | Create | Villager (Male) ×5 |
| 39:12 | Build | Mining Camp |
| 40:03 | Build | Monastery |
| 40:48 | Create | Villager (Male) |
| 40:49 | Create | Villager (Male) |
| 40:57 | Build | Town Center |
| 41:55 | Build | Mining Camp |
| 42:06 | Build | University |
| 42:15 | Create | Villager (Male) ×5 |
| 42:40 | Create | Fishing Ship |
| 42:40 | Create | Fishing Ship |
| 42:46 | Build | Fish Trap |
| 42:48 | Build | Fish Trap |
| 42:48 | Build | Fish Trap |
| 42:49 | Build | Fish Trap |
| 42:50 | Build | Fish Trap |
| 42:51 | Build | Fish Trap |
| 42:51 | Build | Fish Trap |
| 43:49 | Build | Mining Camp |
| 44:03 | Build | Lumber Camp |
| 44:15 | Build | Town Center |
| 44:41 | Build | Stone Wall |
| 44:54 | Build | Building 490 |
| 44:56 | Build | Building 490 |
| 44:59 | Build | Building 490 |
| 45:02 | Build | Building 490 |
| 45:07 | Build | Building 490 |
| 45:37 | Build | Market |
Match timeline
| 12:59 | Marina Orsini · first_building Barracks |
| 13:52 | zheinimamp · first_building Dock |
| 14:29 | Marina Orsini · age_up feudal |
| 14:38 | zheinimamp · age_up feudal |
| 15:06 | Hamzah_IronX · age_up feudal |
| 15:13 | essa198427 · age_up feudal |
| 15:24 | essa198427 · first_building Barracks |
| 15:32 | acilr · first_building Barracks |
| 15:37 | Wollof_08 / German Mum · first_building Barracks |
| 15:40 | MR.ibraheem · age_up feudal |
| 15:50 | Vikings · age_up feudal |
| 16:06 | Marina Orsini · wall_segment Stone Wall x40 |
| 16:29 | Marina Orsini · wall_segment Stone Wall x1 |
| 17:08 | essa198427 · first_building Stable |
| 17:20 | acilr · age_up feudal |
| 17:33 | Wollof_08 / German Mum · age_up feudal |
| 18:03 | acilr · first_building Stable |
| 18:12 | Marina Orsini · wall_segment Stone Wall x14 |
| 18:33 | Wollof_08 / German Mum · first_building Stable |
| 19:06 | MR.ibraheem · wall_segment Stone Wall x4 |
| 19:29 | Hamzah_IronX · first_building Barracks |
| 19:38 | Marina Orsini · first_market_buy 100 food |
| 20:02 | MR.ibraheem · wall_segment Stone Wall x3 |
| 20:10 | Vikings · first_building Barracks |
| 20:57 | Vikings · age_up castle |
| 21:08 | Vikings · first_market_sell 100 food |
| 21:09 | Vikings · first_market_buy 100 wood |
| 21:33 | Marina Orsini · wall_segment Stone Wall x14 |
| 21:35 | Marina Orsini · wall_segment Stone Wall x7 |
| 21:42 | MR.ibraheem · wall_segment Stone Wall x4 |
| 21:45 | Marina Orsini · wall_segment Stone Wall x12 |
| 21:49 | MR.ibraheem · wall_segment Stone Wall x8 |
| 22:05 | MR.ibraheem · age_up castle |
| 22:16 | essa198427 · age_up castle |
| 22:27 | Marina Orsini · first_market_sell 100 wood |
| 23:13 | Vikings · first_building Archery Range |
| 23:28 | MR.ibraheem · wall_segment Stone Wall x5 |
| 23:41 | MR.ibraheem · first_building Castle |
| 24:12 | Hamzah_IronX · age_up castle |
| 24:19 | MR.ibraheem · wall_segment Stone Wall x3 |
| 24:22 | Hamzah_IronX · first_building Castle |
| 24:23 | Wollof_08 / German Mum · age_up castle |
| 24:45 | Wollof_08 / German Mum · first_building Monastery |
| 24:54 | acilr · age_up castle |
| 25:30 | zheinimamp · age_up castle |
| 25:58 | MR.ibraheem · wall_segment Stone Wall x8 |
| 26:07 | Marina Orsini · age_up castle |
| 26:22 | Wollof_08 / German Mum · first_market_sell 100 wood |
| 26:26 | Wollof_08 / German Mum · first_market_buy 100 food |
| 26:40 | acilr · first_building Castle |
| 26:58 | MR.ibraheem · wall_segment Stone Wall x6 |
| 27:10 | Hamzah_IronX · wall_segment Stone Wall x16 |
| 28:18 | MR.ibraheem · wall_segment Stone Wall x18 |
| 28:27 | Marina Orsini · wall_segment Stone Wall x18 |
| 30:26 | Hamzah_IronX · wall_segment Stone Wall x6 |
| 30:42 | MR.ibraheem · first_building Barracks |
| 30:56 | MR.ibraheem · wall_segment Stone Wall x1 |
| 31:08 | Hamzah_IronX · wall_segment Stone Wall x4 |
| 31:26 | acilr · first_building Monastery |
| 31:40 | Hamzah_IronX · wall_segment Stone Wall x9 |
| 32:03 | Marina Orsini · first_building Castle |
| 32:20 | MR.ibraheem · wall_segment Stone Wall x3 |
| 32:24 | Marina Orsini · wall_segment Stone Wall x8 |
| 32:25 | Marina Orsini · wall_segment Stone Wall x6 |
| 33:28 | Vikings · first_building Castle |
| 33:39 | Hamzah_IronX · wall_segment Stone Wall x14 |
| 33:47 | MR.ibraheem · first_building Monastery |
| 33:58 | zheinimamp · first_building Castle |
| 34:03 | acilr · first_building Siege Workshop |
| 34:12 | Wollof_08 / German Mum · first_building Castle |
| 34:36 | zheinimamp · wall_segment Stone Wall x99 |
| 35:06 | Marina Orsini · wall_segment Stone Wall x18 |
| 35:21 | essa198427 · first_building Monastery |
| 35:28 | zheinimamp · first_building Stable |
| 35:37 | zheinimamp · first_building Siege Workshop |
| 35:44 | Hamzah_IronX · age_up imperial |
| 35:50 | MR.ibraheem · age_up imperial |
| 36:05 | MR.ibraheem · first_building Krepost |
| 36:16 | Marina Orsini · first_building Siege Workshop |
| 36:56 | acilr · age_up imperial |
| 38:17 | essa198427 · first_building Castle |
| 38:47 | Vikings · age_up imperial |
| 39:12 | Marina Orsini · wall_segment Stone Wall x12 |
| 40:03 | zheinimamp · first_building Monastery |
| 40:53 | Marina Orsini · wall_segment Stone Wall x8 |
| 42:05 | Hamzah_IronX · wall_segment Stone Wall x13 |
| 43:12 | essa198427 · age_up imperial |
| 44:16 | Hamzah_IronX · first_building Siege Workshop |
| 44:24 | Marina Orsini · age_up imperial |
| 44:41 | zheinimamp · wall_segment Stone Wall x43 |
| 46:12 | Vikings · first_building Siege Workshop |
| 46:25 | Hamzah_IronX · wall_segment Stone Wall x18 |
| 48:58 | zheinimamp · age_up imperial |
| 51:16 | Wollof_08 / German Mum · age_up imperial |
| 52:08 | essa198427 · first_building Siege Workshop |
| 53:36 | MR.ibraheem · first_market_sell 100 wood |
| 53:58 | Hamzah_IronX · first_market_sell 100 food |
| 53:59 | MR.ibraheem · first_market_buy 100 wood |
| 55:38 | essa198427 · first_market_sell 100 wood |
| 60:04 | Hamzah_IronX · wall_segment Stone Wall x2 |
| 60:36 | zheinimamp · first_building Archery Range |
| 61:04 | Hamzah_IronX · wall_segment Stone Wall x25 |
| 62:35 | zheinimamp · first_market_buy 500 food |
| 67:50 | Hamzah_IronX · wall_segment Stone Wall x15 |
| 68:02 | Vikings · wall_segment Stone Wall x20 |
| 79:53 | essa198427 · wall_segment Stone Wall x21 |
| 81:54 | Hamzah_IronX · wall_segment Stone Wall x5 |
| 87:30 | Hamzah_IronX · first_building Archery Range |
| 87:53 | Wollof_08 / German Mum · first_building Archery Range |
| 93:47 | Hamzah_IronX · resign |
[ AI ANALYSIS · 1 CREDIT ]
What really happened in this match?
Wolo.gg analyzes every decision: build order, eco, micro, common mistakes by bracket. Personalized analysis on WhatsApp or Discord in 30 seconds.
Civ guide
Burgundians
Map guide
African Clearing
Perfil
Wollof_08 / German Mum